 Seeded DCSS version 0.31-a0-507-gbafd7f5274 (webtiles) character file.

Game seed: 11267003436938285035 (custom seed)

2858 innerfire43 the Martial Artist (level 9, 0/68 HPs)
             Began as a Gnoll Shapeshifter on Aug 9, 2023.
             Slain by a vampire
             ... wielding a staff of cold
              (5 damage)
             ... on level 7 of the Dungeon.
             The game lasted 00:05:47 (5129 turns).

innerfire43 the Martial Artist (Gnoll Shapeshifter) Turns: 5129, Time: 00:05:48

Health: 0/68       AC: 15    Str: 14    XL:     9   Next: 75%
Magic:  15/15      EV: 13    Int: 12    God:
Gold:   335        SH:  0    Dex: 16    Spells: 17/17 levels left

rFire   . .          .
                       - Unarmed
rCold   . . .        (shield currently unavailable)
rNeg    . . .        s - +4 ring mail of Context {Int+3}
rPois   .            (no helmet)
rElec   .            w - +0 cloak
rCorr   .            (no gloves)
SInv    .            (no boots)
Will    .....        h - amulet of the acrobat
Stlth   +            e - +4 ring of protection
HPRegen 0.31/turn    (no ring)
MPRegen 0.14/turn

%: acrobat
@: flux-form, glowing
A: glow, contaminating, fangs 1, strong nose, distributed training
a: Begin Untransformation


You were on level 7 of the Dungeon.
You were something dangerously unstable.
You visited 1 branch of the dungeon, and saw 7 of its levels.

You collected 335 gold pieces.

Inventory:

Armour
 a - a +0 animal skin
 s - the +4 ring mail of Context (worn) {Int+3}
   (You found it on level 3 of the Dungeon)

   Int+3:     It affects your intelligence (+3).
 w - a +0 cloak (worn)
Jewellery
 e - a +4 ring of protection (left hand)
 h - an amulet of the acrobat (around neck)
Talismans
 c - a beast talisman
 d - a flux talisman (active)
Wands
 x - a wand of acid (4)
 y - a wand of iceblast (2)
 z - a wand of charming (9)
 C - a wand of digging (1)
Scrolls
 f - a scroll of butterflies {unknown}
 g - a scroll of torment {unknown}
 i - 4 scrolls of enchant armour {unknown}
 l - 3 scrolls of enchant weapon {unknown}
 n - 8 scrolls of identify {unknown}
 p - a scroll of amnesia {unknown}
 q - 4 scrolls of teleportation {unknown}
 r - 3 scrolls of blinking {unknown}
 v - 2 scrolls of poison {unknown}
Potions
 b - 2 potions of lignification
 j - 2 potions of brilliance
 k - a potion of haste {unknown}
 m - a potion of heal wounds {unknown}
 o - a potion of enlightenment {unknown}
 t - a potion of attraction {unknown}
 u - 2 potions of degeneration {unknown}
 A - a potion of berserk rage {unknown}
 B - a potion of might {unknown}


   Skills:
 + Level 5.3 Fighting
 + Level 4.6 Short Blades
 + Level 4.6 Long Blades
 + Level 4.6 Axes
 + Level 4.6 Maces & Flails
 + Level 4.6 Polearms
 + Level 4.6 Staves
 + Level 4.6 Ranged Weapons
 + Level 4.6 Throwing
 + Level 4.6 Armour
 + Level 6.6 Dodging
 + Level 4.6 Stealth
 + Level 4.6 Shields
 + Level 8.1 Unarmed Combat
 + Level 4.6 Spellcasting
 + Level 3.8 Conjurations
 + Level 3.8 Hexes
 + Level 3.8 Summonings
 + Level 3.8 Necromancy
 + Level 3.8 Translocations
 + Level 3.8 Transmutations
 + Level 3.8 Fire Magic
 + Level 3.8 Ice Magic
 + Level 3.8 Air Magic
 + Level 3.8 Earth Magic
 + Level 3.8 Poison Magic
 + Level 5.1 Invocations
 + Level 4.6 Evocations
 + Level 7.6 Shapeshifting


You had 17 spell levels left.
You didn't know any spells.
Your spell library contained the following spells:

 Spells                   Type           Power      Damage    Failure   Level
 Apportation              Tloc           24%        N/A       9%          1
 Necrotise                Necr           48%        1d6       9%          1
 Shock                    Conj/Air       48%        1d6       9%          1
 Summon Small Mammal      Summ           48%        N/A       9%          1
 Blink                    Tloc           24%        N/A       12%         2
 Ensorcelled Hibernation  Hex/Ice        24%        N/A       12%         2
 Lesser Beckoning         Tloc           24%        N/A       12%         2
 Momentum Strike          Conj/Tloc      24%        3d8       12%         2
 Passwall                 Tmut/Erth      10%        N/A       12%         2
 Swiftness                Air            12%        N/A       24%         3
 Airstrike                Air            6%         2d(1-17)  63%         4
 Alistair's Intoxication  Tmut/Pois      8%         N/A       92%         5


Dungeon Overview and Level Annotations

Branches:
Dungeon (7/15)             Temple (0/1) D:4

Altars:
Hepliaklqana
Kikubaaqudgha
Trog


Innate Abilities, Weirdness & Mutations

You are something dangerously unstable.
You glow with magical radiation, making you easy to see and hit.
Foes you strike become dangerously contaminated with magical radiation.
You are incapable of wielding weapons or throwing items.
You have very sharp teeth.
Your uncanny sense of smell can sniff out nearby items.
Your experience applies equally to all skills.


Message History

Your Unarmed Combat skill increases to level 8!
Your Invocations skill increases to level 5!
Unknown command.
The vampire gestures wildly while chanting.
The vampire flickers and vanishes!
Deactivating autopickup; reactivate with Ctrl-A.
A water moccasin comes into view.
Something hits you but does no damage. Something barely misses you.
Aiming: Charm
Press: ? - help, Shift-Dir - straight line, f - troll
Aim: a troll (chance to affect: 61%) Nothing appears to happen.
Something hits you! Something freezes you! Something bites you.
Something draws strength from your injuries!
Aiming: Charm
Press: ? - help, Shift-Dir - straight line, f/p - troll
Aim: a troll (chance to affect: 61%) Nothing appears to happen.
The water moccasin hisses angrily.
Something hits you!
* * * LOW HITPOINT WARNING * * *
Something bites you but does no damage.
You feel better. Something hits you but does no damage. Something freezes you!
* * * LOW HITPOINT WARNING * * *
Something bites you but does no damage. Something hits you but does no damage.
Something freezes you.
* * * LOW HITPOINT WARNING * * *
Something barely misses you.
Aiming: Corrosive Bolt
Press: ? - help, Shift-Dir - straight line, f/p - troll
Aim: a troll (74% to hit)
The bolt of acid hits the orc warrior!
The acid corrodes the orc warrior!
The orc warrior is heavily wounded.
The bolt of acid hits the troll!!
The troll is heavily wounded.
You hear an angry hiss.
Something hits you but does no damage. Something freezes you!
* * * LOW HITPOINT WARNING * * *
Something bites you.
You die...

..............#
..............#
.........>....#
........<.....#########
.......................
.................###.#
.................####.
..)...)..........#.#S#
...............#B..#.#
∆
#...##.##....###.#o#)#∆
##.##♣.♣#...## #.##T##
∆ ### ..##..## #.###o##
.##..## #.# #..# # #.#
##h# ∆∆∆ #.. z.. ∆ ∆
#.# ###T|∆∆ .h.


You could see a troll, an orc warrior (corroded) and an orc.

Vanquished Creatures
  A two-headed ogre (D:7)
  Prince Ribbit (D:6)
  Grinder (D:5)
  A wyvern (D:7)
  A steam dragon (D:6)
  2 water moccasins
  A sky beast (D:6)
  A black bear (D:6)
  3 centaurs
  A bullfrog (D:6)
  4 scorpions
  An orc priest (D:3)
  6 hounds
  2 gnoll boudas (D:6)
  A jelly (D:5)
  3 iguanas
  3 sleepcaps
  An orc wizard (D:3)
  8 gnolls
  4 adders
  3 white imps
  2 worms
  3 dart slugs
  16 orcs
  6 ball pythons
  3 bats
  7 endoplasms
  3 giant cockroaches
  2 goblins
  7 hobgoblins
  2 jackals (D:1)
  5 kobolds
  2 quokkas
  5 frilled lizards
  5 rats
117 creatures vanquished.

Vanquished Creatures (others)
  A gnoll (D:6)
1 creature vanquished.

Grand Total: 118 creatures vanquished

Notes
Turn   | Place    | Note
-------+----------+-------------------------------------------
     0 | D:1      | innerfire43 the Gnoll Shapeshifter began the quest for the
                  | Orb.
     0 | D:1      | Reached XP level 1. HP: 17/17 MP: 1/1
    43 | D:1      | Reached XP level 2. HP: 23/23 MP: 2/2
   289 | D:1      | Reached XP level 3. HP: 24/28 MP: 3/3
   699 | D:2      | Reached skill level 1 in Invocations
   915 | D:2      | Reached skill level 1 in Short Blades
   915 | D:2      | Reached skill level 1 in Long Blades
   915 | D:2      | Reached skill level 1 in Axes
   915 | D:2      | Reached skill level 1 in Maces & Flails
   915 | D:2      | Reached skill level 1 in Polearms
   915 | D:2      | Reached skill level 1 in Staves
   915 | D:2      | Reached skill level 1 in Ranged Weapons
   915 | D:2      | Reached skill level 1 in Throwing
   915 | D:2      | Reached skill level 1 in Armour
   915 | D:2      | Reached skill level 1 in Stealth
   915 | D:2      | Reached skill level 1 in Shields
   915 | D:2      | Reached skill level 1 in Spellcasting
   915 | D:2      | Reached skill level 1 in Evocations
  1396 | D:3      | Identified the +4 ring mail of Context {Int+3}
  1411 | D:3      | Reached XP level 4. HP: 34/34 MP: 5/5
  1604 | D:3      | Reached skill level 1 in Conjurations
  1604 | D:3      | Reached skill level 1 in Hexes
  1604 | D:3      | Reached skill level 1 in Summonings
  1604 | D:3      | Reached skill level 1 in Necromancy
  1604 | D:3      | Reached skill level 1 in Translocations
  1604 | D:3      | Reached skill level 1 in Transmutations
  1604 | D:3      | Reached skill level 1 in Fire Magic
  1604 | D:3      | Reached skill level 1 in Ice Magic
  1604 | D:3      | Reached skill level 1 in Air Magic
  1604 | D:3      | Reached skill level 1 in Earth Magic
  1604 | D:3      | Reached skill level 1 in Poison Magic
  1701 | D:3      | HP: 1/34 [orc priest/divine providence (17)]
  1703 | D:3      | Reached XP level 5. HP: 2/40 MP: 5/7
  2373 | D:4      | Found a bloodstained altar of Trog.
  2378 | D:4      | Found a staircase to the Ecumenical Temple.
  2392 | D:4      | Reached XP level 6. HP: 47/47 MP: 8/8
  2522 | D:4      | Reached skill level 5 in Dodging
  2679 | D:4      | Found a hazy altar of Hepliaklqana.
  2859 | D:5      | Entered Level 5 of the Dungeon
  2859 | D:5      | Noticed a water moccasin
  2865 | D:5      | Killed a water moccasin
  2866 | D:5      | Reached skill level 7 in Unarmed Combat
  2866 | D:5      | Reached XP level 7. HP: 52/52 MP: 10/10
  2879 | D:5      | Noticed Grinder
  2886 | D:5      | Found an ancient bone altar of Kikubaaqudgha.
  2906 | D:5      | Killed Grinder
  3303 | D:5      | Reached XP level 8. HP: 48/60 MP: 12/12
  3962 | D:6      | Noticed Prince Ribbit
  3979 | D:6      | Killed Prince Ribbit
  4352 | D:6      | Reached XP level 9. HP: 51/66 MP: 14/14
  5014 | D:7      | Reached skill level 5 in Fighting
  5111 | D:7      | Noticed a two-headed ogre
  5114 | D:7      | Noticed a troll
  5117 | D:7      | Killed a two-headed ogre
  5118 | D:7      | Reached skill level 8 in Unarmed Combat
  5118 | D:7      | Reached skill level 5 in Invocations
  5129 | D:7      | Slain by a vampire

Illustrated notes

Levels and vault maps discovered:
D:1:      reono_arrival_mine, layout_rooms, serial_bayou_lagoon_b
D:2:      layout_basic
D:3:      layout_loops_ring
D:4:      layout_cave_pools, mainiacjoe_overflow_cross_hatched,
          trog_butcher_becter, minmay_temple_entry_overgrown, serial_glass,
          glass_columns_c, glass_columns_b
D:5:      layout_loops_corners, kiku_gazebo_pond_becter,
          kennysheep_decorative_pillar, uniq_grinder
D:6:      minmay_bubble_buster, layout_basic, uniq_prince_ribbit1
D:7:      minmay_the_grid_square_5x5_3x3
          [minmay_the_grid_square_5x5_three_small,
          minmay_the_grid_square_5x5_detours,
          minmay_the_grid_square_5x5_two_small,
          minmay_the_grid_square_5x5_shuriken,
          minmay_the_grid_square_5x5_megaprize_open,
          minmay_the_grid_square_5x5_n_small,
          minmay_the_grid_square_5x5_bracketed,
          minmay_the_grid_square_5x5_checkered_statues,
          minmay_the_grid_square_5x5_almost_minimal], layout_cave_pods,
          mainiacjoe_overflow_small_starburst, ashenzari_conservatory_becter,
          serial_shops, shop, nicolae_shop_dragon_depot, grunt_ministairs_8

Skill      XL: |  1  2  3  4  5  6  7  8  9 |
---------------+----------------------------+-----
Invocations    | 1 2 3 4 5 |  5.1
Short Blades   | 1 2 3 4 |  4.6
Long Blades    | 1 2 3 4 |  4.6
Axes           | 1 2 3 4 |  4.6
Maces & Flails | 1 2 3 4 |  4.6
Polearms       | 1 2 3 4 |  4.6
Staves         | 1 2 3 4 |  4.6
Ranged Weapons | 1 2 3 4 |  4.6
Throwing       | 1 2 3 4 |  4.6
Armour         | 1 2 3 4 |  4.6
Stealth        | 1 2 3 4 |  4.6
Shields        | 1 2 3 4 |  4.6
Spellcasting   | 1 2 3 4 |  4.6
Evocations     | 1 2 3 4 |  4.6
Conjurations   | 1 2 3 |  3.8
Hexes          | 1 2 3 |  3.8
Summonings     | 1 2 3 |  3.8
Necromancy     | 1 2 3 |  3.8
Translocations | 1 2 3 |  3.8
Transmutations | 1 2 3 |  3.8
Fire Magic     | 1 2 3 |  3.8
Ice Magic      | 1 2 3 |  3.8
Air Magic      | 1 2 3 |  3.8
Earth Magic    | 1 2 3 |  3.8
Poison Magic   | 1 2 3 |  3.8
Fighting       | 3 4 5 |  5.3
Dodging        | 5 6 |  6.6
Unarmed Combat | 7 8 |  8.1
Shapeshifting  | 7 |  7.6

Action                     |  1- 3 |  4- 6 |  7- 9 || total
---------------------------+-------+-------+-------++-------
  Melee: Unarmed           |   104 |   126 |   191 ||   421
         Bite              |     9 |    13 |    33 ||    55
  Evoke: Wand              |       |       |     6 ||     6
    Use: Potion            |       |     3 |     1 ||     4
 Armour: Animal skin       |    33 |       |       ||    33
         Ring mail         |       |    32 |    92 ||   124
  Dodge: Dodged            |    61 |    75 |   136 ||   272
   Form: Flux              |     1 |       |       ||     1

Table legend: (Time is in decaauts)
 A = Elapsed time spent in this place.
 B = Non-inter-level travel time spent in this place.
 C = Inter-level travel time spent in this place.
 D = Time resting spent in this place.
 E = Time spent auto-exploring this place.
 F = Levels seen in this place.
 G = Mean time per level.
                   A        B        C        D        E       F      G
               +--------+--------+--------+--------+--------+-----+--------+
         Total |   5093 |   4881 |    212 |      0 |   4035 |   7 |  727.6 |
       Dungeon |   5093 |   4881 |    212 |      0 |   4035 |   7 |  727.6 |
               +--------+--------+--------+--------+--------+-----+--------+

Top non-repeatable levels by time:
     D:6: 1237 daAuts
     D:3: 1058 daAuts
     D:5: 879 daAuts
     D:2: 693 daAuts
     D:1: 597 daAuts
     D:4: 500 daAuts
     D:7: 127 daAuts
